 Dungeon Crawl Stone Soup version 0.31-a0-859-g9dce7d3444 (webtiles) character file.

Game seed: 782778411142327502

15651 Atlas the Thaumaturge (level 12, -9/78 HPs)
             Began as a Demonspawn Fire Elementalist on Oct 9, 2023.
             Was an Elder of Vehumet.
             Mangled by a white ugly thing (16 damage)
             ... on level 12 of the Dungeon.
             The game lasted 00:26:58 (16744 turns).

Atlas the Thaumaturge (DsFE)                       Turns: 16744, Time: 00:27:00

Health: -9/78      AC: 10    Str: 14    XL:     12   Next: 3%
Magic:  16/27      EV: 13    Int: 24    God:    Vehumet [****..]
Gold:   1524       SH:  4    Dex: 15    Spells: 14/33 levels left

rFire   + . .        I - +3 rapier "Xichunn" {freeze, rF++ Str+3 Int+2 Stlth+}
rCold   . . .        A - +0 buckler of the Mind {+Blink}
rNeg    + + .        D - +0 steam dragon scales
rPois   .            N - +0 helmet "Tapsesk" {rF- rN++ rCorr Str+2}
rElec   .            (no cloak)
rCorr   +            (gloves unavailable)
SInv    .            (no boots)
Will    .....        (no amulet)
Stlth   +++          m - +4 ring of protection
HPRegen 0.33/turn    y - ring of wizardry
MPRegen 0.20/turn

%: wizardry (x1)
@: no status effects
A: ignite blood 2, big brain 1, demonic touch 3
a: Renounce Religion, Evoke Blink


You were on level 12 of the Dungeon.
You worshipped Vehumet.
Vehumet was greatly pleased with you.
You visited 2 branches of the dungeon, and saw 13 of its levels.
You also visited: Bailey.

You collected 1524 gold pieces.

Inventory:

Hand Weapons
 I - the +3 rapier "Xichunn" (weapon) {freeze, rF++ Str+3 Int+2 Stlth+}
   (You found it on level 10 of the Dungeon)

   Str+3:     It affects your strength (+3).
   Int+2:     It affects your intelligence (+2).
   rF++:      It greatly protects you from fire.
   Stlth+:    It makes you more stealthy.
Missiles
 G - 2 curare-tipped darts
Armour
 A - the +0 buckler of the Mind (worn) {+Blink}
   (You found it on level 7 of the Dungeon)

   +Blink:    It lets you blink.
 D - +0 steam dragon scales (worn)
 E - a +0 troll leather armour
 F - the +0 pair of gloves "Loruuck" {rPois Regen+ Dex-2 SInv}
   (You acquired it on level 9 of the Dungeon)

   Dex-2:     It affects your dexterity (-2).
   rPois:     It protects you from poison SInv: It lets you see invisible.
   Regen+:    It increases your rate of health regeneration.
 M - the +3 animal skin of the Skiapode {Dex+3}
   (You took it off an orc on level 12 of the Dungeon)

   Dex+3:     It affects your dexterity (+3).
 N - the +0 helmet "Tapsesk" (worn) {rF- rN++ rCorr Str+2}
   (You acquired it on level 12 of the Dungeon)

   Str+2:     It affects your strength (+2).
   rF-:       It makes you vulnerable to fire.
   rN++:      It greatly protects you from negative energy.
   rCorr:     It protects you from acid and corrosion.
Jewellery
 c - a ring of magical power
 m - a +4 ring of protection (left hand)
 n - a ring of flight
 u - a ring of see invisible
 y - a ring of wizardry (right hand)
 z - a +6 ring of strength
Wands
 t - a wand of roots (22)
 C - a wand of paralysis (14)
Scrolls
 b - 2 scrolls of poison
 f - 4 scrolls of teleportation
 g - a scroll of brand weapon
 h - a scroll of immolation {unknown}
 j - a scroll of noise
 k - 2 scrolls of enchant weapon
 p - a scroll of fog
 r - 2 scrolls of enchant armour
 v - 2 scrolls of blinking
 x - 2 scrolls of vulnerability
 B - a scroll of revelation
 L - a scroll of identify
Potions
 a - a potion of lignification {unknown}
 d - a potion of brilliance {unknown}
 e - 2 potions of mutation
 i - a potion of haste {unknown}
 l - 3 potions of might
 o - a potion of heal wounds {unknown}
 s - 2 potions of magic
 w - a potion of cancellation
 H - 2 potions of curing
 J - 11 potions of degeneration
 K - 2 potions of enlightenment


   Skills:
 + Level 2.3 Fighting
 + Level 4.0 Short Blades
 + Level 3.2 Armour
 + Level 4.6 Dodging
 - Level 3.3 Stealth
 + Level 1.4 Shields
 + Level 0.4 Unarmed Combat
 + Level 11.3 Spellcasting
 + Level 5.3 Conjurations
 + Level 11.1 Fire Magic
 + Level 0.3 Air Magic
 + Level 0.2 Poison Magic
 + Level 0.4 Evocations


You had 14 spell levels left.
You knew the following spells:

 Your Spells              Type           Power      Damage    Failure   Level
a - Scorch                Fire           100%       2d9       1%          2
b - Foxfire               Conj/Fire      100%       2x1d9     1%          1
c - Airstrike             Air            7%         2d(2-18)  7%          4
d - Flame Wave            Conj/Fire      52%        2d13      1%          4
e - Mephitic Cloud        Conj/Pois/Air  22%        N/A       1%          3
f - Freezing Cloud        Conj/Ice/Air   11%        6-21      10%         5

Your spell library contained the following spells:

 Spells                   Type           Power      Damage    Failure   Level
 Static Discharge         Conj/Air       54%        2-5/arc   1%          2
 Inner Flame              Hex/Fire       40%        N/A       1%          3
 Volatile Blastmotes      Fire/Tloc      80%        2d16      1%          3
 Ensorcelled Hibernation  Hex/Ice        26%        N/A       4%          2
 Jinxbite                 Hex            26%        N/A       4%          2
 Summon Lightning Spire   Summ/Air       14%        N/A       24%         4
 Anguish                  Hex/Necr       6%         N/A       26%         4


Dungeon Overview and Level Annotations

Branches:
Dungeon (12/15)            Temple (1/1) D:6            Lair (0/5) D:8
    Orc (0/2) D:12         Bailey (visited)

Altars:
Ashenzari
Cheibriados
Dithmenos
Fedhas
Gozag
Hepliaklqana
Kikubaaqudgha
Makhleb
Nemelex Xobeh
Okawaru
Qazlal
Ru
Sif Muna
Trog
Uskayaw
Vehumet
Wu Jian
Xom
Yredelemnul
Jiyva

Shops:
D:10 :

Portals:
Trove: D:10 (show abyssal rune of Zot)

Annotations:
D:8 2 transporters


Innate Abilities, Weirdness & Mutations

Your demonic aura often causes spilled blood to erupt in flames.
You have an unusually large brain. (Int +2)
Your touch may irresistibly damage your foes and sap their willpower.


Message History

The white ugly thing's fire resistance burns away.
The foxfire hits the white ugly thing.
The white ugly thing is heavily wounded.
The foxfire hits the white ugly thing.
The white ugly thing is heavily wounded.
The foxfire hits the white ugly thing!
The white ugly thing is burned terribly!
The white ugly thing is severely wounded.
Casting: Scorch (safe; 1% risk of failure)
Confirm with . or Enter, or press ? or * to list all spells.
Flames lash the white ugly thing.
The white ugly thing is burned terribly!
The white ugly thing is severely wounded.
The white ugly thing claws you! The white ugly thing freezes you!!
Unknown command.
Casting: Scorch (safe; 1% risk of failure)
Confirm with . or Enter, or press ? or * to list all spells.
Flames lash the white ugly thing.
The white ugly thing is burned terribly!
The white ugly thing is almost dead.
The white ugly thing claws you but does no damage.
Casting: Scorch (safe; 1% risk of failure)
Confirm with . or Enter, or press ? or * to list all spells.
Flames lash the troll.
The troll is moderately wounded.
The troll's fire resistance burns away.
The white ugly thing claws you! The white ugly thing freezes you!!
* * * LOW HITPOINT WARNING * * *
The white ugly thing attacks as it pursues you!
The white ugly thing misses you.
The white ugly thing attacks as it pursues you!
The white ugly thing barely misses you.
Casting: Scorch (safe; 1% risk of failure)
Confirm with . or Enter, or press ? or * to list all spells.
Flames lash the troll.
The troll is burned terribly!
The troll is moderately wounded.
The white ugly thing claws you.
* * * LOW HITPOINT WARNING * * *
The white ugly thing freezes you!
You die...

### #.####.. #^......
#####>. # #### ### #....
...## #.. ..# #....
#....#.#####.# #....
#.....○u@.##.##### #.##.
.......T##........# #.##.
?#......#####.###.####.##.
#^...#.#####.............
...####........#..##..####
.# ########.#..##..#
#.#......# #.#.##...#
#.#.##...####


You could see a white ugly thing (combustible) and a troll (combustible).

Vanquished Creatures
  A vault guard (D:10)
  3 two-headed ogres
  Sonja (D:10)
  An orc knight (Bailey)
  2 ugly things
  2 manticores (D:11)
  An unseen horror (D:11)
  3 trolls
  6 slime creatures (D:12)
  7 yaks
  2 wraiths (D:11)
  A basilisk (D:12)
  Grum (D:8)
  Menkaure (D:7)
  2 steam dragons
  15 vampire mosquitoes
  2 acid dragons
  7 orc warriors
  A swamp drake (D:12)
  An ogre (D:5)
  2 black bears
  4 centaurs
  4 wolves (D:8)
  2 kobold brigands
  4 bullfrogs
  5 scorpions
  19 killer bees
  2 vampire bats (D:4)
  4 howler monkeys
  4 crimson imps (D:8)
  4 hounds
  2 jellies
  12 orc priests
  A sleepcap (D:5)
  2 iguanas
  12 orc wizards
  5 gnolls
  9 adders
  2 white imps
  2 worms
  38 orcs
  4 bat skeletons (D:4)
  2 bat zombies (D:4)
  6 endoplasms
  5 giant cockroaches
  13 goblins
  8 hobgoblins
  2 jackals (D:1)
  31 kobolds
  4 quokkas
  5 ball pythons
  5 bats
  4 frilled lizards
  6 rats
294 creatures vanquished.

Vanquished Creatures (collateral kills)
  A foxfire (D:5)
1 creature vanquished.

Vanquished Creatures (others)
  A wyvern (D:8)
  606 foxfires
607 creatures vanquished.

Grand Total: 902 creatures vanquished

Notes
Turn   | Place    | Note
-------+----------+-------------------------------------------
     0 | D:1      | Atlas the Demonspawn Fire Elementalist began the quest for
                  | the Orb.
     0 | D:1      | Reached XP level 1. HP: 13/13 MP: 3/3
   366 | D:1      | Gained mutation: Your demonic aura sometimes causes spilled
                  | blood to erupt in flames. [demonic ancestry]
   366 | D:1      | Reached XP level 2. HP: 19/19 MP: 0/5
  1434 | D:2      | Reached XP level 3. HP: 15/24 MP: 0/6
  2790 | D:3      | Gained mutation: Your demonic aura often causes spilled
                  | blood to erupt in flames. [demonic ancestry]
  2790 | D:3      | Reached XP level 4. HP: 31/31 MP: 2/8
  2799 | D:2      | Learned a level 2 spell: Scorch
  3135 | D:3      | Reached XP level 5. HP: 6/36 MP: 2/9
  3849 | D:4      | Found a snail-covered altar of Cheibriados.
  3876 | D:4      | Reached skill level 1 in Short Blades
  3891 | D:4      | Gained mutation: You have an unusually large brain. (Int
                  | +2) [demonic ancestry]
  3891 | D:4      | Reached XP level 6. HP: 40/42 MP: 2/11
  4440 | D:4      | Found a sacrificial altar of Ru.
  4814 | D:4      | Reached skill level 1 in Armour
  4877 | D:4      | Found an ancient bone altar of Kikubaaqudgha.
  5270 | D:5      | Entered Level 5 of the Dungeon
  5381 | D:5      | Reached XP level 7. HP: 47/47 MP: 4/13
  5611 | D:5      | Found a broken altar of Ashenzari.
  5941 | D:5      | Learned a level 4 spell: Airstrike
  5980 | D:5      | Reached skill level 5 in Spellcasting
  6345 | D:5      | Reached skill level 5 in Fire Magic
  6472 | D:5      | Gained mutation: Your touch may inflict minor irresistible
                  | damage on your foes. [demonic ancestry]
  6472 | D:5      | Reached XP level 8. HP: 51/53 MP: 7/16
  6943 | D:6      | Found a sparkling altar of Nemelex Xobeh.
  6988 | D:6      | Reached skill level 1 in Fighting
  7130 | D:6      | Noticed a +0 short sword
  7133 | D:6      | Noticed a +0 falchion
  7133 | D:6      | Noticed a +0 dagger
  7134 | D:6      | Noticed a +0 falchion
  7134 | D:6      | Noticed a +0 short sword
  7134 | D:6      | Noticed a +0 dagger
  7136 | D:6      | Noticed a +0 spear
  7136 | D:6      | Noticed a +0 spear
  7138 | D:6      | Found a hide-covered altar of Uskayaw.
  7337 | D:6      | Found a staircase to the Ecumenical Temple.
  7353 | Temple   | Entered the Ecumenical Temple
  7379 | Temple   | Became a worshipper of Vehumet
  8245 | D:7      | You fall into a shaft and drop 2 floors!
  8496 | D:8      | Found a stormy altar of Qazlal.
  8562 | D:8      | Found a flagged portal.
  8589 | Bailey   | Entered a bailey
  8595 | Bailey   | Learned a level 4 spell: Flame Wave
  8888 | Bailey   | Reached * piety under Vehumet
  8888 | Bailey   | Offered knowledge of Kiss of Death by Vehumet.
  9170 | Bailey   | Noticed an orc knight
  9295 | Bailey   | Killed an orc knight
  9296 | Bailey   | Gained mutation: Your touch may inflict irresistible damage
                  | on your foes. [demonic ancestry]
  9296 | Bailey   | Reached XP level 9. HP: 59/59 MP: 11/20
 10053 | D:7      | Identified the +0 buckler of the Mind {+Blink}
 10207 | D:7      | Offered knowledge of Sandblast by Vehumet.
 10210 | D:7      | Reached ** piety under Vehumet
 10518 | D:7      | Noticed Menkaure
 10523 | D:7      | Killed Menkaure
 10734 | D:8      | Noticed a two-headed ogre
 10751 | D:8      | Killed a two-headed ogre
 10951 | D:8      | Reached XP level 10. HP: 58/65 MP: 8/22
 11087 | D:8      | Found a transporter.
 11103 | D:8      | Noticed a green ugly thing
 11125 | D:8      | Reached skill level 1 in Shields
 11355 | D:8      | Noticed a cyclops
 11356 | D:8      | Noticed a cyclops
 11396 | D:8      | Noticed a tengu warrior
 11618 | D:8      | Found a transporter.
 11686 | D:8      | Noticed Grum
 11695 | D:8      | Killed Grum
 12044 | D:8      | Found a staircase to the Lair.
 12171 | D:8      | Found a shimmering altar of Xom.
 12708 | D:9      | Offered knowledge of Mephitic Cloud by Vehumet.
 12925 | D:9      | Reached *** piety under Vehumet
 13041 | D:9      | Identified a scroll of acquirement
 13098 | D:9      | Acquired the +0 pair of gloves "Loruuck" {rPois Regen+
                  | Dex-2 SInv}
 13157 | D:9      | Noticed a two-headed ogre
 13166 | D:9      | Killed a two-headed ogre
 13404 | D:10     | Entered Level 10 of the Dungeon
 13451 | D:10     | Reached XP level 11. HP: 69/72 MP: 13/24
 13598 | D:10     | Found Esimem's Vocational Training.
 13728 | D:10     | Noticed Sonja
 13737 | D:10     | Killed Sonja
 13744 | D:10     | Identified the +3 rapier "Xichunn" {freeze, rF++ Str+3
                  | Int+2 Stlth+}
 13780 | D:10     | Found a shimmering blue altar of Sif Muna.
 14026 | D:10     | Noticed a vault guard
 14052 | D:10     | Learned a level 3 spell: Mephitic Cloud
 14154 | D:10     | Noticed a two-headed ogre
 14160 | D:10     | Killed a two-headed ogre
 14161 | D:10     | Reached skill level 10 in Spellcasting
 14161 | D:10     | Reached skill level 10 in Fire Magic
 14232 | D:10     | Killed a vault guard
 14238 | D:10     | Found a portal to a secret trove of treasure.
 14461 | D:11     | Noticed a red ugly thing
 14614 | D:11     | Offered knowledge of Stone Arrow by Vehumet.
 14800 | D:11     | Killed a red ugly thing
 15504 | D:12     | Identified the +3 animal skin of the Skiapode {Dex+3}
 15582 | D:12     | Found a staircase to the Orcish Mines.
 15606 | D:12     | Reached **** piety under Vehumet
 15709 | D:12     | Offered knowledge of Freezing Cloud by Vehumet.
 15719 | D:12     | Learned a level 5 spell: Freezing Cloud
 15881 | D:12     | Acquired the +0 helmet "Tapsesk" {rF- rN++ rCorr Str+2}
 15996 | D:12     | Reached skill level 5 in Conjurations
 16249 | D:12     | Gained mutation: Your touch may irresistibly damage your
                  | foes and sap their willpower. [demonic ancestry]
 16249 | D:12     | Reached XP level 12. HP: 41/78 MP: 3/27
 16561 | D:12     | Identified the +1 long sword of Funops {drain, Int+4 Dex+3}
 16744 | D:12     | Mangled by a white ugly thing

Illustrated notes

Levels and vault maps discovered:
D:1:      minmay_arrival_semitransparent, layout_basic,
          amcnicky_mini_rare_corridor_liquid
D:2:      layout_basic, minmay_fountain_box
D:3:      layout_basic
D:4:      layout_loops_corners, mainiacjoe_overflow_boulevard,
          cheibriados_altar_1, kennysheep_vampire_church
D:5:      layout_basic, cheibrodos_ashenzari_chains, serial_bayou,
          serial_bayou_pond_d, serial_bayou_pond_a, serial_bayou_pond_d,
          serial_bayou_lagoon_b, serial_bayou_shore_a, serial_bayou_pond_e
D:6:      layout_loops_corners, nicolae_uskayaw_en_pointe,
          nemelex_diamond_rough_becter, tso_altar,
          minmay_temple_entry_antechambers
D:7:      layout_loops_ring, nicolae_letterblocks [nicolae_letter_subblock,
          nicolae_letter_subblock, nicolae_letter_subblock,
          nicolae_letter_subblock, nicolae_letter_subblock,
          nicolae_letter_subblock, nicolae_letter_subblock,
          nicolae_letter_subblock, nicolae_letter_subblock,
          nicolae_letter_subblock, nicolae_letter_subblock,
          nicolae_letter_subblock, nicolae_letter_subblock,
          nicolae_letter_subblock, nicolae_letter_subblock,
          nicolae_letter_subblock, nicolae_letter_subblock,
          nicolae_letter_subblock, nicolae_letter_subblock,
          nicolae_letter_subblock, nicolae_letter_subblock,
          nicolae_letter_subblock, nicolae_letter_subblock,
          nicolae_letter_subblock, nicolae_letter_subblock], uniq_menkaure
D:8:      gammafunk_the_bubble [the_bubble_gammafunk_crates],
          layout_loops_corners, mainiacjoe_overflow_brackets, lemuel_tele_altar,
          led_xom_imps, lair_entry_dummy, enter_bailey_5,
          kennysheep_generic_room_11, uniq_grum
D:9:      layout_roguey
D:10:     layout_gridville, nicolae_sif_muna_condensation, enter_trove_5,
          nicolae_shop_vocational, uniq_sonja
D:11:     layout_long_grid, lemuel_nasty_fountain
D:12:     layout_loops_cross, erik_orc_1
Temple:   pf_slime_end_temple

Skill      XL: |  1  2  3  4  5  6  7  8  9 10 11 |
---------------+----------------------------------+-----
Stealth        | 2 3 |  3.3
Fire Magic     | 3 4 5 6 8 9 11 | 11.1
Dodging        | 2 3 4 |  4.6
Conjurations   | 2 3 4 5 |  5.3
Spellcasting   | 3 4 5 7 8 9 11 | 11.3
Short Blades   | 1 3 4 |  4.0
Armour         | 1 2 3 |  3.2
Fighting       | 1 2 |  2.3
Shields        | 1 |  1.4
Unarmed Combat | |  0.4
Air Magic      | |  0.3
Poison Magic   | |  0.2
Evocations     | |  0.4

Action                     |  1- 3 |  4- 6 |  7- 9 | 10-12 || total
---------------------------+-------+-------+-------+-------++-------
  Melee: Unarmed           |    61 |       |       |       ||    61
         Punch             |     1 |     1 |     1 |       ||     3
         Short sword       |     7 |    72 |    50 |   223 ||   352
         Touch             |       |       |     3 |       ||     3
         Rapier            |       |       |       |    21 ||    21
   Cast: Foxfire           |   123 |    18 |    83 |   135 ||   359
         Scorch            |       |    54 |   141 |   111 ||   306
         Flame Wave        |       |       |     2 |    21 ||    23
         Mephitic Cloud    |       |       |       |     2 ||     2
         Airstrike         |       |       |       |     2 ||     2
         Freezing Cloud    |       |       |       |     1 ||     1
  Evoke: Wand              |       |       |     1 |     5 ||     6
    Use: Potion            |       |     5 |     1 |       ||     6
         Scroll            |       |       |    10 |     6 ||    16
   Stab: Sleeping          |     1 |       |       |       ||     1
         Invisible         |       |     4 |       |       ||     4
         Paralysed         |       |       |       |     6 ||     6
 Armour: Robe              |    34 |     5 |       |       ||    39
         Leather armour    |       |    49 |    77 |    14 ||   140
         Steam dragon scal |       |       |       |   210 ||   210
  Dodge: Dodged            |    55 |    56 |    68 |   199 ||   378
  Block: Buckler           |       |       |     6 |    65 ||    71

Table legend: (Time is in decaauts)
 A = Elapsed time spent in this place.
 B = Non-inter-level travel time spent in this place.
 C = Inter-level travel time spent in this place.
 D = Time resting spent in this place.
 E = Time spent auto-exploring this place.
 F = Levels seen in this place.
 G = Mean time per level.
                   A        B        C        D        E       F      G
               +--------+--------+--------+--------+--------+-----+--------+
         Total |  16664 |  16181 |    483 |   1762 |  11985 |  14 | 1190.3 |
       Dungeon |  15615 |  15162 |    453 |   1377 |  11564 |  12 | 1301.2 |
        Temple |     42 |     12 |     30 |      0 |      9 |   1 |   42.0 |
        Bailey |   1006 |   1006 |      0 |    385 |    412 |   1 | 1006.0 |
               +--------+--------+--------+--------+--------+-----+--------+

Top non-repeatable levels by time:
     D:8: 2366 daAuts
     D:2: 1724 daAuts
     D:5: 1584 daAuts
     D:4: 1425 daAuts
    D:12: 1238 daAuts
     D:6: 1237 daAuts
     D:1: 1183 daAuts
    D:10: 1083 daAuts
    D:11: 1018 daAuts
  Bailey: 1006 daAuts
     D:9: 966 daAuts
     D:3: 909 daAuts
     D:7: 880 daAuts
  Temple: 42 daAuts
